 Dungeon Crawl Stone Soup version 0.31.0-4-g52a2dc7128 (webtiles) character file.

Game seed: 7778809262407336306

2947 MisterFreud the Destroyer (level 9, -5/68 HPs)
             Began as a Demonspawn Conjurer on Jan 22, 2024.
             Was an Initiate of Gozag.
             Slain by an orc knight
             ... wielding a +0 war axe
              (22 damage)
             ... in a bailey.
             The game lasted 00:16:53 (7447 turns).

MisterFreud the Destroyer (Demonspawn Conjurer)     Turns: 7447, Time: 00:16:54

Health: -5/68      AC:  5    Str:  8    XL:     9   Next: 51%
Magic:  3/12       EV: 12    Int: 29    God:    Gozag
Gold:   610        SH:  0    Dex: 11    Spells: 9/12 levels left

rFire   + . .        h - +3 dagger (drain)
rCold   . . .        (no shield)
rNeg    . . .        a - +0 robe
rPois   .            (helmet restricted)
rElec   .            (no cloak)
rCorr   .            (no gloves)
SInv    .            (no boots)
Will    .....        (no amulet)
Stlth   ++           o - ring of protection from fire
HPRegen 0.31/turn    q - +6 ring of intelligence
MPRegen 0.13/turn

%: no passive effects
@: no status effects
A: horns 1, sharp scales 3, demonic magic 1
a: Renounce Religion, Potion Petition, Call Merchant, Bribe Branch


You were in a bailey.
You worshipped Gozag.
Gozag was pleased with you.
You visited 1 branch of the dungeon, and saw 7 of its levels.
You also visited: Bailey.

You collected 730 gold pieces.
You paid 120 gold pieces to Gozag.

Inventory:

Hand Weapons
 h - a +3 dagger of draining (weapon)
Missiles
 l - 29 poisoned darts
 D - 2 boomerangs
Armour
 a - a +0 robe (worn)
 n - the +0 leather armour of Idealism {*Corrode rPois Dex+6}
   (You found it on level 2 of the Dungeon)

   Dex+6:     It affects your dexterity (+6).
   rPois:     It protects you from poison *Corrode: It may corrode you when you
   take damage.
 B - the +3 warlock's mirror {omnireflect}
   (You acquired it on level 6 of the Dungeon)

   Omnireflect: It can block and reflect piercing ranged attacks and magical
   attacks against the wielder's willpower.
Jewellery
 o - a ring of protection from fire (left hand)
 q - a +6 ring of intelligence (right hand)
 r - a ring of flight
 u - a ring of resist corrosion
Talismans
 k - a flux talisman
Wands
 v - a wand of light (9)
 z - a wand of iceblast (4)
 F - a wand of polymorph (16)
Scrolls
 e - 2 scrolls of noise
 f - 2 scrolls of fog
 g - a scroll of vulnerability
 t - 3 scrolls of fear
 y - a scroll of enchant weapon
 A - a scroll of poison
 E - a scroll of enchant armour {unknown}
 G - 2 scrolls of teleportation
Potions
 b - 2 potions of magic
 c - a potion of curing
 d - a potion of might {unknown}
 i - a potion of berserk rage {unknown}
 j - 2 potions of enlightenment
 m - 3 potions of haste
 p - a potion of lignification {unknown}
 s - a potion of invisibility {unknown}
 w - 2 potions of mutation
 x - a potion of heal wounds {unknown}
 H - a potion of attraction {unknown}


   Skills:
 - Level 5.0 Fighting
 + Level 5.3 Short Blades
 - Level 1.7 Dodging
 + Level 4.2 Stealth
 + Level 2.7 Shields
 - Level 2.0 Spellcasting
 + Level 10.2 Conjurations


You had 9 spell levels left.
You knew the following spells:

 Your Spells              Type           Power      Damage    Failure   Level
a - Magic Dart            Conj           100%       1d8       1%          1
b - Searing Ray           Conj           100%       2d8       1%          2

Your spell library contained the following spells:

 Spells                   Type           Power      Damage    Failure   Level
 Shock                    Conj/Air       100%       1d9       1%          1
 Fulminant Prism          Conj/Alch      16%        3d10      11%         4
 Iskenderun's Mystic Bla  Conj/Tloc      32%        2d8       11%         4
 Swiftness                Air            2%         N/A       26%         3
 Airstrike                Air            1%         2d(1-17)  63%         4


Dungeon Overview and Level Annotations

Branches:
Dungeon (7/15)             Bailey (1/1)
 Temple: D:4-7

Altars:
Fedhas
Gozag
Makhleb
Trog
Vehumet
Xom

Shops:
D:7 =


Innate Abilities, Weirdness & Mutations

You have a pair of small horns on your head.
You are completely covered in razor-sharp scales. (AC +3, Slay +3)
Spells you cast may paralyse adjacent enemies.


Message History

The searing ray hits the orc knight.
The orc knight is heavily wounded. (Press . to maintain the ray.) Malevolent energies surge around you.
The searing ray misses the orc knight.
The orc knight hits you with a +0 war axe!
The searing ray misses the orc knight.
The orc knight closely misses you.
The searing ray hits the orc knight!
The orc knight is heavily wounded.
You finish channelling your searing ray.
The orc knight is no longer blind.
The orc knight hits you with a +0 war axe.
You closely miss the orc knight. Your headbutt misses the orc knight.
The orc knight is heavily wounded.
The orc knight hits you with a +0 war axe!!
* * * LOW HITPOINT WARNING * * *
You hit the orc knight but do no damage.
You drain the orc knight. You headbutt the orc knight!
The orc knight is severely wounded.
The orc knight barely misses you.
You closely miss the orc knight.
The orc knight is severely wounded.
You hit the orc knight.
The orc knight is severely wounded.
The orc knight misses you.
Unknown command.
You hit the orc knight. Your headbutt misses the orc knight.
The orc knight is severely wounded.
The orc knight barely misses you.
You hit the orc knight.
The orc knight is severely wounded.
The orc knight barely misses you.
You hit the orc knight. You drain the orc knight.
You headbutt the orc knight, but do no damage.
The orc knight is almost dead.
You completely miss the orc knight.
The orc knight is almost dead.
The orc knight hits you with a +0 war axe!!
You die...
Your body crumbles into a pile of gold.

#.........#
#.........##
#.....⌠.....#######
##.........##.....##
+.........'.......#
##.......##.......##
#.......#)).......#
##.....##.........##
#######..))@⌠.....#
##).).o....##
#.))).....#
##.......##
#.......# ##..)..##
####g## ##.....##
#..)....#


You could see an orc knight (drained) and a gnoll (wandering).

Vanquished Creatures
  Grinder (D:5)
  Menkaure (D:6)
  2 ice beasts
  4 orc warriors (Bailey)
  2 black bears (D:6)
  An ogre (D:4)
  2 phantoms
  2 kobold brigands
  A bullfrog (D:6)
  10 wights (D:6)
  A howler monkey (D:7)
  A bombardier beetle (D:4)
  3 hounds
  4 orc priests
  A jelly (D:7)
  4 iguanas
  Ijyb (D:4)
  Terence (D:2)
  4 orc wizards
  Natasha (thrice) (D:2)
  6 adders
  10 gnolls
  A shadow imp (D:5)
  A white imp (D:5)
  4 ufetubi
  A ribbon worm (D:2)
  4 dart slugs
  11 orcs
  8 bats
  5 endoplasms
  3 giant cockroaches
  15 goblins
  9 hobgoblins
  4 jackals
  8 quokkas
  9 ball pythons
  4 frilled lizards
  11 kobolds
  23 rats
186 creatures vanquished.

Notes
Turn   | Place    | Note
-------+----------+-------------------------------------------
     0 | D:1      | MisterFreud the Demonspawn Conjurer began the quest for the
                  | Orb.
     0 | D:1      | Reached XP level 1. HP: 13/13 MP: 3/3
   319 | D:1      | Gained mutation: You are partially covered in razor-sharp
                  | scales. (AC +1, Slay +1) [demonic ancestry]
   319 | D:1      | Reached XP level 2. HP: 19/19 MP: 1/5
   490 | D:1      | Learned a level 2 spell: Searing Ray
   772 | D:1      | Reached skill level 5 in Conjurations
   828 | D:1      | Gained mutation: You are mostly covered in razor-sharp
                  | scales. (AC +2, Slay +2) [demonic ancestry]
   828 | D:1      | Reached XP level 3. HP: 20/24 MP: 4/6
  1129 | D:2      | Noticed Terence
  1268 | D:2      | Killed Terence
  1269 | D:2      | Reached XP level 4. HP: 21/30 MP: 0/7
  1340 | D:2      | Identified the +0 leather armour of Idealism {*Corrode
                  | rPois Dex+6}
  1624 | D:2      | Noticed Natasha
  1628 | D:2      | Killed Natasha
  1629 | D:2      | Reached skill level 6 in Conjurations
  1789 | D:2      | Noticed Natasha
  1792 | D:2      | Killed Natasha
  1793 | D:2      | Gained mutation: Spells you cast may paralyse adjacent
                  | enemies. [demonic ancestry]
  1793 | D:2      | Reached XP level 5. HP: 35/35 MP: 3/8
  1860 | D:2      | Noticed Natasha
  1863 | D:2      | Killed Natasha
  2182 | D:3      | Reached skill level 7 in Conjurations
  2756 | D:4      | Gained mutation: You have a pair of small horns on your
                  | head. [demonic ancestry]
  2756 | D:4      | Reached XP level 6. HP: 29/41 MP: 2/9
  3042 | D:4      | Found a radiant altar of Vehumet.
  3083 | D:4      | Reached skill level 1 in Short Blades
  3384 | D:4      | Reached skill level 8 in Conjurations
  3390 | D:4      | Reached XP level 7. HP: 46/46 MP: 2/10
  3846 | D:4      | Found a blossoming altar of Fedhas.
  3851 | D:4      | Noticed Ijyb
  3861 | D:4      | Killed Ijyb
  4424 | D:5      | Entered Level 5 of the Dungeon
  4838 | D:5      | Reached skill level 5 in Short Blades
  4841 | D:5      | Reached skill level 1 in Fighting
  4977 | D:5      | Noticed Grinder
  4984 | D:5      | Killed Grinder
  4985 | D:5      | Reached XP level 8. HP: 51/58 MP: 2/11
  5056 | D:5      | Found a shimmering altar of Xom.
  5058 | D:5      | Found an opulent altar of Gozag.
  5060 | D:5      | Found a burning altar of Makhleb.
  5172 | D:5      | Became a worshipper of Gozag Ym Sagoz the Greedy
  5425 | D:6      | Noticed Menkaure
  5430 | D:6      | Killed Menkaure
  5431 | D:6      | Reached skill level 5 in Fighting
  5713 | D:6      | Reached skill level 9 in Conjurations
  5996 | D:6      | Gained mutation: You are completely covered in razor-sharp
                  | scales. (AC +3, Slay +3) [demonic ancestry]
  5996 | D:6      | Reached XP level 9. HP: 65/68 MP: 2/12
  6073 | D:6      | Found a bloodstained altar of Trog.
  6300 | D:6      | Identified a scroll of acquirement
  6300 | D:6      | Acquired the +3 warlock's mirror {omnireflect}
  6300 | D:6      | Found the +3 warlock's mirror {omnireflect}
  6342 | D:6      | Reached skill level 1 in Shields
  6697 | D:7      | Found Veiss's Jewellery Emporium.
  6704 | D:7      | Reached skill level 10 in Conjurations
  6718 | D:7      | Found a flagged portal.
  6732 | Bailey   | Entered a bailey
  7412 | Bailey   | Noticed an orc knight
  7447 | Bailey   | Slain by an orc knight

Illustrated notes

Levels and vault maps discovered:
D:1:      psy_arrival_dodecagon, layout_loops_ring,
          chequers_serial_rivers_large_b
D:2:      layout_basic, nicolae_titane, uniq_terence, uniq_natasha
D:3:      layout_rooms, bh_walls_and_bars
D:4:      layout_layer_cave, fedhas_altar_3, old_standard_altar,
          minmay_gold_behind_fungi, minmay_rat_hole, uniq_ijyb
D:5:      layout_basic, minitemple, uniq_grinder
D:6:      layout_loops_cross, trog_ov_bears_minmay, uniq_menkaure
D:7:      layout_cave_pools, nicolae_ru_sacrificial_ziggurat,
          nicolae_hepliaklqana_hippocampus, tso_altar,
          minmay_temple_entry_trees, enter_bailey_3, serial_shops,
          nicolae_shop_statue_plus, nicolae_shop_vocational
Bailey:   bailey_axe_minmay_hex_keep, bailey

Skill      XL: |  1  2  3  4  5  6  7  8  9 |
---------------+----------------------------+-----
Conjurations   | 5 6 7 8 9 10 | 10.2
Short Blades   | 2 5 |  5.3
Fighting       | 3 5 |  5.0
Stealth        | 2 4 |  4.2
Shields        | 2 |  2.7
Dodging        | |  1.7
Spellcasting   | |  2.0

Action                     |  1- 3 |  4- 6 |  7- 9 || total
---------------------------+-------+-------+-------++-------
  Melee: Unarmed           |     1 |       |       ||     1
         Dagger            |    11 |    72 |   126 ||   209
         Short sword       |     2 |       |       ||     2
         Headbutt          |       |     3 |    29 ||    32
         Punch             |       |     1 |     1 ||     2
   Cast: Magic Dart        |    54 |    85 |    92 ||   231
         Searing Ray       |     1 |     3 |    26 ||    30
  Evoke: Wand              |       |       |     1 ||     1
    Use: Scroll            |       |     6 |     7 ||    13
         Potion            |       |       |     1 ||     1
   Stab: Paralysed         |       |     2 |     8 ||    10
         Sleeping          |       |       |     2 ||     2
 Armour: Robe              |    15 |    37 |    75 ||   127
  Dodge: Dodged            |    15 |    29 |    67 ||   111
